 Dungeon Crawl Stone Soup version 0.31.0-12-g77e489cdc1 (webtiles) character file.

Game seed: 14119987699649256942

35123 Ecrix the Warrior (level 13, -4/158 HPs)
             Began as an Oni Gladiator on Feb 16, 2024.
             Was a High Priest of Okawaru.
             Slain by a death yak (14 damage)
             ... on level 4 of the Lair of Beasts.
             The game lasted 00:30:45 (14806 turns).

Ecrix the Warrior (Oni Gladiator)                  Turns: 14806, Time: 00:30:46

Health: -4/158     AC:  8    Str: 25    XL:     13   Next: 81%
Magic:  22/27      EV: 11    Int:  9    God:    Okawaru [*****.]
Gold:   983        SH:  5    Dex: 10    Spells: 12/12 levels left

rFire   . . .        r - +0 demon whip (venom)
rCold   . . .        (no shield)
rNeg    . . .        P - +2 troll leather armour {Snorg}
rPois   .            I - +1 hat {Stlth+}
rElec   .            y - scarf {+Inv}
rCorr   .            (gloves unavailable)
SInv    .            (boots unavailable)
Will    +....        A - amulet of reflection
Stlth   +++          M - ring of magical power
HPRegen 1.26/turn    (no ring)
MPRegen 0.20/turn

%: reflection
@: heroic, finesse-ful
A: large, unfitting armour, horns 1, tough skin 1, double potion healing,
drunken brawling
a: Renounce Religion, Evoke Invisibility, Heroism, Finesse, Duel


You were on level 4 of the Lair of Beasts.
You worshipped Okawaru.
Okawaru was extremely pleased with you.
You visited 3 branches of the dungeon, and saw 16 of its levels.
You also visited: Sewer and Ice Cave.

You collected 1087 gold pieces.
You spent 104 gold pieces at shops.


Innate Abilities, Weirdness & Mutations

You are too large for most types of armour.
You have a pair of small horns on your head.
You have tough skin. (AC +1)
You gain doubled healing and magic from potions.
Whenever you drink a healing potion, you attack all around you.


   Skills:
 + Level 18.2(23.2) Fighting
 - Level 12.0(17.0) Maces & Flails
 - Level 4.0(9.0) Throwing
 - Level 7.0(12.0) Armour
 - Level 2.6(7.6) Dodging
 - Level 7.0 Invocations
 - Level 12.0 Evocations


You had 12 spell levels left.
You didn't know any spells.
Your spell library contained the following spells:

 Spells                   Type           Power      Damage    Failure   Level
 Apportation              Tloc           0%         N/A       41%         1
 Sandblast                Erth           0%         2d4       41%         1
 Slow                     Hex            0%         N/A       41%         1
 Sting                    Conj/Alch      0%         1d3       41%         1
 Cigotuvi's Dreadful Rot  Necr/Alch/Air  0%         N/A       56%         2
 Ensorcelled Hibernation  Hex/Ice        0%         N/A       56%         2
 Jinxbite                 Hex            0%         N/A       56%         2
 Mercury Vapours          Alch/Air       0%         N/A       56%         2
 Sublimation of Blood     Necr           0%         N/A       56%         2
 Confusing Touch          Hex            0%         N/A       80%         3
 Dazzling Flash           Conj/Hex       0%         N/A       80%         3
 Fugue of the Fallen      Necr           0%         N/A       80%         3
 Inner Flame              Hex/Fire       0%         N/A       80%         3
 Mephitic Cloud           Conj/Alch/Air  0%         N/A       80%         3
 Passwall                 Erth           0%         N/A       80%         3
 Sigil of Binding         Hex            0%         N/A       80%         3
 Stone Arrow              Conj/Erth      0%         3d7       80%         3
 Swiftness                Air            0%         N/A       80%         3
 Vampiric Draining        Necr           0%         2d6       80%         3
 Volatile Blastmotes      Fire/Tloc      0%         2d10      80%         3
 Brom's Barrelling Bould  Conj/Erth      0%         2d3       99%         4
 Fulminant Prism          Conj/Alch      0%         3d5       99%         4
 Ignite Poison            Fire/Alch      0%         N/A       99%         4
 Iskenderun's Mystic Bla  Conj/Tloc      0%         2d3       99%         4
 Olgreb's Toxic Radiance  Alch           0%         N/A       99%         4
 Petrify                  Alch/Erth      0%         N/A       99%         4
 Alistair's Intoxication  Alch           0%         N/A       100%        5
 Curse of Agony           Necr           0%         N/A       100%        5
 Fireball                 Conj/Fire      0%         3d3       100%        5
 Freezing Cloud           Conj/Ice/Air   0%         6-21      100%        5
 Irradiate                Conj/Alch      0%         3d11      100%        5
 Iskenderun's Battlesphe  Conj           0%         2d6       100%        5
 Silence                  Hex/Air        0%         N/A       100%        5
 Conjure Ball Lightning   Conj/Air       0%         3x3d6     100%        6
 Orb of Destruction       Conj           0%         9d5       100%        7
 Borgnjor's Revivificati  Necr           0%         N/A       100%        8
 Ignition                 Fire           0%         3d3       100%        8

Inventory:

Hand Weapons
 r - a +0 demon whip of venom (weapon)
Missiles
 b - 26 poisoned darts (quivered)
 d - 3 throwing nets {=f}
 m - 2 datura-tipped darts
 u - 7 boomerangs
 B - 21 large rocks {=f}
Armour
 y - a scarf of invisibility (worn)
 I - a +1 hat of stealth (worn)
 P - a +2 troll leather armour (worn) {Snorg}
Jewellery
 A - an amulet of reflection (around neck)
 C - a ring of ice
 F - a ring of fire
 M - a ring of magical power (left hand)
Talismans
 T - a blade talisman
Wands
 c - a wand of paralysis (5)
 l - a wand of polymorph (16)
 p - a wand of quicksilver (16)
 H - a wand of iceblast (15)
 J - a wand of mindburst (21)
 Q - a wand of flame (18)
 W - a wand of digging (5)
Scrolls
 g - 4 scrolls of teleportation {@r2}
 h - a scroll of fog
 k - 2 scrolls of enchant weapon
 o - 4 scrolls of enchant armour
 q - a scroll of vulnerability
 t - 3 scrolls of torment
 z - 2 scrolls of silence {!r}
 D - a scroll of fear
 E - 2 scrolls of revelation
 G - 2 scrolls of poison
 K - 6 scrolls of immolation
 L - 4 scrolls of blinking
 R - 2 scrolls of amnesia
 S - 3 scrolls of identify {@r1}
Potions
 f - a potion of brilliance
 i - a potion of haste {@q3}
 j - 3 potions of cancellation
 n - a potion of might
 s - 2 potions of mutation
 v - a potion of lignification
 w - 2 potions of ambrosia
 x - 2 potions of enlightenment
 N - 4 potions of curing {@q1}
 O - a potion of berserk rage {!q}
 V - a potion of resistance
Miscellaneous
 U - a phantom mirror

Dungeon Overview and Level Annotations

Branches:
Dungeon (11/15)            Temple (1/1) D:6            Lair (4/5) D:10
 Shoals (0/4) Lair:3        Snake (0/4) Lair:3          Orc (0/2) D:11
  Sewer (visited)           IceCv (visited)
  Slime: Lair:4-5

Altars:
Ashenzari
Cheibriados
Dithmenos
Elyvilon
Fedhas
Gozag
Hepliaklqana
Kikubaaqudgha
Makhleb
Nemelex Xobeh
Okawaru
Qazlal
Ru
Sif Muna
Trog
Uskayaw
Vehumet
Wu Jian
Xom
Yredelemnul
Zin
The Shining One

Shops:
D:4 (   D:9 *

Annotations:
D:3 1 runed translucent door, Consumeair16's ghost, amateur GnWr
D:10 1 runed translucent door, ezpacito's ghost, journeyman DsBe

#.## ####........####........##..
..####.##........##.........####.
..#.#.##.#..........##.......###.
..†..#####.........##.......#.#..
......###........####.#..#.####..
.....†.#.#P#....## #.#######...#
.....†######...## ### ##.#...
....<.#.#....##### #.....#
.......#....## #@## ##.#..##
............#####Y## #....#.#
...........#.#P...Y# #....###
#.......####......## #...#.#
##.....#.###......# #...###
#.................### ####..##
###...............#.###.##...#
##.#..............Y...#..### ##
##..###.........###.Y....## #.


You could see a death yak and a yak.


Message History

Unknown command.
Unknown command.
Unknown command.
Unknown command.
Unknown command.
Unknown command.
Unknown command.
Unknown command.
Unknown command.
You hit the death yak.
The death yak looks as sick as possible!
You headbutt the death yak, but do no damage.
The death yak is almost dead.
Unknown command.
You hit the death yak.
You headbutt the death yak, but do no damage.
The death yak is almost dead.
Unknown command.
You whack the death yak!
You kill the death yak!
Okawaru accepts your kill.
Unknown command.
The death yak gores you!
* * * LOW HITPOINT WARNING * * *
The death yak gores you!
* * * LOW HITPOINT WARNING * * *
You see here a death yak corpse.
Unknown command.
The death yak gores you!
You die...

Skill      XL: |  1  2  3  4  5  6  7  8  9 10 11 12 13 |
---------------+----------------------------------------+-----
Fighting       | 3 4 5 6 7 8 10 13 18 | 18.2
Throwing       | 4 |  4.0
Maces & Flails | 4 5 7 10 12 | 12.0
Armour         | 3 4 7 |  7.0
Invocations    | 4 7 |  7.0
Evocations     | 9 12 | 12.0
Dodging        | |  2.6

Action                     |  1- 3 |  4- 6 |  7- 9 | 10-12 | 13-15 || total
---------------------------+-------+-------+-------+-------+-------++-------
  Melee: Flail             |    13 |       |       |       |       ||    13
         Headbutt          |    12 |    18 |    50 |   144 |    93 ||   317
         Whip              |    75 |   136 |   136 |       |       ||   347
         Punch             |     3 |     1 |     2 |    21 |    11 ||    38
         Dire flail        |       |       |   154 |     1 |       ||   155
         Demon whip        |       |       |       |   697 |   323 ||  1020
  Throw: Throwing net      |     1 |       |       |       |       ||     1
         Boomerang         |     1 |     7 |       |       |       ||     8
         Large rock        |       |     2 |       |       |       ||     2
         Dart              |       |     2 |     4 |       |       ||     6
 Invoke: Heroism           |       |       |     1 |    10 |     3 ||    14
         Finesse           |       |       |       |       |     1 ||     1
  Evoke: Wand              |       |       |       |     2 |     3 ||     5
    Use: Scroll            |       |       |    18 |    10 |       ||    28
         Potion            |       |       |     3 |     6 |     2 ||    11
   Stab: Sleeping          |     2 |       |       |     1 |     1 ||     4
         Distracted        |       |       |       |     1 |       ||     1
 Armour: Robe              |    52 |    47 |       |       |       ||    99
         Troll leather arm |       |    31 |   179 |   339 |   199 ||   748
  Dodge: Dodged            |    37 |    80 |   124 |   196 |   101 ||   538
  Block: Other             |       |       |       |    52 |    41 ||    93
         Reflection        |       |       |       |       |     1 ||     1

Levels and vault maps discovered:
D:1:      ncdulo_watergridlock, layout_loops_cross
D:2:      layout_loops_cross
D:3:      layout_rooms, hellmonk_ghost_happy_afterlife, portal_sewer_entry_e
D:4:      layout_loops_ring, nzn_hepliaklqana_mist_gate, serial_shops,
          nicolae_shop_drivethru, cheibrodos_gnoll_hut, uniq_natasha
D:5:      layout_loops_ring, mainiacjoe_overflow_paths, enter_ossuary_5,
          moated_statue, hangedman_glass_garden, uniq_edmund
D:6:      layout_basic, nicolae_qazlal_general_emergency,
          minmay_temple_entry_large_hall
D:7:      layout_basic, grunt_temple_overflow_champion_of_chaos,
          mainiacjoe_overflow_24_doors, nicolae_zen_rock_garden
D:8:      layout_gridville, uniq_amaemon, uniq_psyche
D:9:      layout_roguey, dancing_weapons_uskayaw, serial_shops,
          nicolae_shop_hallway_plus, uniq_maggie
D:10:     layout_roguey, lair_entry_dummy, gammafunk_ghost_grave,
          nicolae_elevator_lobby_asterisk, uniq_sonja
D:11:     layout_cave_pools, erik_orc_4, nicolae_wu_jian_immortal_techniques,
          uniq_gastronok
Temple:   regret_index_temple_generic_petals
Lair:1:   layout_chaotic_city
Lair:2:   layout_chaotic_city, portal_ice_cave_entry_ice_simulacra,
          chequers_serial_rivers_micro_c, grunt_megastairs_5,
          serial_bayou_shore_a, serial_bayou_shore_b
Lair:3:   layout_gridlike, minmay_shoals_entry_beasts,
          guppyfry_snake_entry_island, uniq_josephine, uniq_rupert, uniq_snorg
Lair:4:   layout_cave_pods

Notes
Turn   | Place    | Note
-------+----------+-------------------------------------------
     0 | D:1      | Ecrix the Oni Gladiator began the quest for the Orb.
     0 | D:1      | Reached XP level 1. HP: 22/22 MP: 1/1
    60 | D:1      | Reached skill level 3 in Fighting
   251 | D:1      | Reached XP level 2. HP: 32/32 MP: 2/2
   427 | D:1      | Reached skill level 4 in Fighting
   851 | D:2      | Reached XP level 3. HP: 40/40 MP: 3/3
  1089 | D:2      | Reached skill level 5 in Fighting
  1523 | D:3      | Noticed Consumeair16's ghost (amateur GnWr)
  1523 | D:3      | Found a runed translucent door.
  1610 | D:3      | Reached XP level 4. HP: 44/52 MP: 4/4
  1660 | D:3      | Reached skill level 6 in Fighting
  1971 | D:3      | Reached XP level 5. HP: 54/59 MP: 5/5
  1979 | D:3      | Reached skill level 3 in Throwing
  1997 | D:3      | Found a glowing drain.
  2004 | Sewer    | Entered a sewer
  2071 | Sewer    | Reached skill level 4 in Throwing
  2116 | Sewer    | Noticed Pargi
  2123 | Sewer    | Killed Pargi
  2124 | Sewer    | Reached skill level 7 in Fighting
  2124 | Sewer    | Reached XP level 6. HP: 71/71 MP: 6/6
  2541 | D:4      | Reached skill level 4 in Maces & Flails
  2677 | D:4      | Reached XP level 7. HP: 73/79 MP: 7/7
  2832 | D:4      | Reached skill level 8 in Fighting
  3010 | D:4      | Found a hazy altar of Hepliaklqana.
  3087 | D:4      | Found a transporter.
  3087 | D:4      | Found Lole's Antique Weapon Emporium.
  3087 | D:4      | Noticed Natasha
  3093 | D:4      | Killed Natasha
  3304 | D:4      | Found a transporter.
  3351 | D:5      | Entered Level 5 of the Dungeon
  3358 | D:5      | Reached skill level 5 in Maces & Flails
  3377 | D:5      | Reached skill level 1 in Armour
  3571 | D:5      | Reached skill level 2 in Armour
  3606 | D:5      | Reached skill level 3 in Armour
  3707 | D:5      | Reached XP level 8. HP: 65/88 MP: 8/8
  3757 | D:5      | Noticed Edmund
  3769 | D:5      | Killed Edmund
  3770 | D:5      | Reached skill level 4 in Armour
  3963 | D:5      | Found an ancient bone altar of Kikubaaqudgha.
  4123 | D:5      | Reached skill level 6 in Maces & Flails
  4185 | D:5      | Identified the +2 robe of Ytoanex {-Tele rPois Will+ Dex+6}
  4420 | D:6      | Identified the maw talisman of Resonance {Str+3 Slay+4}
  4443 | D:6      | Found a staircase to the Ecumenical Temple.
  4452 | D:6      | Reached skill level 7 in Maces & Flails
  4518 | Temple   | Entered the Ecumenical Temple
  4559 | Temple   | Became a worshipper of Warmaster Okawaru
  4628 | D:6      | Found a stormy altar of Qazlal.
  4678 | D:6      | Reached skill level 2 in Invocations
  4948 | D:6      | Reached skill level 3 in Invocations
  5604 | D:7      | Found a bloodstained altar of Trog.
  5675 | D:7      | Reached skill level 4 in Invocations
  5675 | D:7      | Reached XP level 9. HP: 90/96 MP: 12/12
  5801 | D:7      | Reached * piety under Okawaru
  5802 | D:7      | Reached skill level 5 in Invocations
  5908 | D:7      | Reached skill level 6 in Invocations
  6069 | D:7      | Found a burning altar of Makhleb.
  6069 | D:7      | Found a shimmering altar of Xom.
  6130 | D:7      | Reached skill level 7 in Invocations
  6620 | D:8      | Reached ** piety under Okawaru
  6621 | D:8      | Reached skill level 8 in Maces & Flails
  6707 | D:8      | Noticed an orange demon
  6707 | D:8      | Noticed Amaemon
  6728 | D:8      | Killed Amaemon
  6729 | D:8      | Reached skill level 9 in Maces & Flails
  6732 | D:8      | Killed an orange demon
  6733 | D:8      | Reached skill level 10 in Maces & Flails
  6733 | D:8      | Reached XP level 10. HP: 36/104 MP: 15/15
  6967 | D:8      | Noticed Psyche
  6973 | D:8      | Killed Psyche
  7015 | D:8      | Paralysed by a hornet for 2 turns
  7021 | D:8      | Reached skill level 9 in Fighting
  7103 | D:8      | Reached *** piety under Okawaru
  7289 | D:8      | Got the Octavo of Shadows
  7419 | D:9      | Noticed Maggie
  7433 | D:9      | Killed Maggie
  7495 | D:9      | Noticed a two-headed ogre
  7510 | D:9      | Reached skill level 10 in Fighting
  7518 | D:9      | Killed a two-headed ogre
  7519 | D:9      | Reached skill level 11 in Maces & Flails
  7519 | D:9      | Reached **** piety under Okawaru
  7800 | D:9      | Reached ***** piety under Okawaru
  7801 | D:9      | Reached skill level 12 in Maces & Flails
  7834 | D:9      | Reached XP level 11. HP: 78/117 MP: 16/16
  7842 | D:9      | Reached skill level 5 in Armour
  7994 | D:9      | Reached skill level 6 in Armour
  8102 | D:9      | Noticed a +0 hand axe
  8108 | D:9      | Noticed a +0 dagger
  8112 | D:9      | Found a hide-covered altar of Uskayaw.
  8137 | D:9      | Found Kocw's Assorted Antiques.
  8149 | D:9      | Bought a scroll of identify for 52 gold pieces
  8149 | D:9      | Bought a scroll of identify for 52 gold pieces
  8149 | D:9      | Identified a potion of resistance
  8308 | D:4      | Received a gift from Okawaru
  8829 | D:9      | Identified a scroll of acquirement
  8829 | D:9      | Acquired a manual of Evocations
  8873 | D:10     | Entered Level 10 of the Dungeon
  8956 | D:10     | Reached skill level 1 in Evocations
  9025 | D:10     | Reached skill level 7 in Armour
  9089 | D:10     | Reached skill level 2 in Evocations
  9227 | D:10     | Reached skill level 3 in Evocations
  9256 | D:10     | Reached skill level 4 in Evocations
  9301 | D:10     | Noticed Sonja
  9303 | D:10     | Killed Sonja
  9304 | D:10     | Reached skill level 5 in Evocations
  9432 | D:10     | Found a runed translucent door.
  9432 | D:10     | Noticed ezpacito's ghost (journeyman DsBe)
  9514 | D:10     | Found a staircase to the Lair.
  9641 | D:10     | Reached skill level 6 in Evocations
  9874 | D:11     | Noticed Gastronok
  9910 | D:11     | Killed Gastronok
  9911 | D:11     | Reached skill level 8 in Evocations
  9940 | D:11     | Received a gift from Okawaru
  9996 | D:11     | Reached skill level 9 in Evocations
  9999 | D:11     | Found a staircase to the Orcish Mines.
 10188 | D:11     | Noticed a two-headed ogre
 10188 | D:11     | Noticed a two-headed ogre
 10201 | D:11     | Killed a two-headed ogre
 10202 | D:11     | Reached XP level 12. HP: 83/126 MP: 17/17
 10209 | D:11     | HP: 9/126 [two-headed ogre/+0 giant spiked club (30)]
 10210 | D:11     | Killed a two-headed ogre
 10211 | D:11     | Reached skill level 10 in Evocations
 10415 | D:11     | Reached skill level 11 in Evocations
 10416 | D:11     | HP: 4/126 [yak (10)]
 10431 | D:11     | Received a gift from Okawaru
 10781 | D:11     | Noticed a two-headed ogre
 10787 | D:11     | Killed a two-headed ogre
 10879 | D:11     | Found an ornate altar of the Wu Jian Council.
 10928 | Lair:1   | Entered Level 1 of the Lair of Beasts
 11168 | Lair:1   | Reached skill level 12 in Evocations
 11364 | Lair:1   | Reached skill level 11 in Fighting
 11962 | Lair:2   | Noticed a five-headed hydra
 11971 | Lair:2   | Killed a five-headed hydra
 11972 | Lair:2   | Reached skill level 12 in Fighting
 12131 | Lair:2   | Identified a scarf of resistance
 12311 | Lair:2   | Reached skill level 13 in Fighting
 12314 | Lair:2   | Received a gift from Okawaru
 12436 | Lair:2   | Found a frozen archway.
 12449 | IceCv    | Entered an ice cave
 12538 | IceCv    | Found a transporter.
 12552 | IceCv    | Found a transporter.
 12610 | Lair:2   | Reached XP level 13. HP: 126/145 MP: 18/18
 12773 | Lair:2   | Reached skill level 14 in Fighting
 13190 | Lair:3   | Found a staircase to the Shoals.
 13287 | Lair:3   | Found a staircase to the Snake Pit.
 13299 | Lair:3   | Reached skill level 15 in Fighting
 13336 | Lair:3   | Noticed Rupert
 13363 | Lair:3   | Paralysed by Rupert for 5 turns
 13373 | Lair:3   | Killed Rupert
 13486 | Lair:3   | Noticed Snorg
 13511 | Lair:3   | Killed Snorg
 13511 | Lair:3   | Received a gift from Okawaru
 13546 | Lair:3   | Noticed Josephine
 13552 | Lair:3   | Reached skill level 16 in Fighting
 13571 | Lair:3   | Killed Josephine
 14056 | Lair:3   | Reached skill level 17 in Fighting
 14383 | Lair:4   | Received a gift from Okawaru
 14770 | Lair:4   | Reached skill level 18 in Fighting
 14805 | Lair:4   | HP: 9/158 [death yak (17)]
 14806 | Lair:4   | Slain by a death yak

Vanquished Creatures
  Rupert (Lair:3)
  Gastronok (D:11)
  Snorg (Lair:3)
  Josephine (Lair:3)
  2 hydras
  4 two-headed ogres
  A death yak (Lair:4)
  Sonja (D:10)
  Amaemon (D:8)
  A manticore (Lair:3)
  2 ugly things
  A cyclops (D:11)
  6 elephants (Lair:4)
  A black mamba (Lair:1)
  3 cane toads
  A gargoyle (D:10)
  An orange demon (D:8)
  Maggie (D:9)
  5 komodo dragons
  2 rime drakes (Lair:2)
  Psyche (D:8)
  6 trolls
  A polar bear (Lair:4)
  A wind drake (Lair:3)
  8 blink frogs
  A hornet (D:8)
  4 dream sheep
  A shadow (D:10)
  38 yaks
  4 wraiths (Lair:3)
  4 wyverns
  A warg (D:11)
  3 vampire mosquitoes (D:9)
  2 steam dragons
  A death yak simulacrum (IceCv)
  A naga (Lair:3)
  Edmund (D:5)
  9 water moccasins
  2 ice beasts
  3 orc warriors
  Pargi (Sewer)
  2 black bears
  5 wolves (Lair:3)
  2 centaurs
  3 ogres
  2 phantoms (D:5)
  2 kobold brigands
  15 bullfrogs
  A brain worm (Sewer)
  3 scorpions
  11 wights
  6 killer bees
  2 elephant simulacra (IceCv)
  2 electric eels (Lair:2)
  4 howler monkeys
  A crimson imp (D:7)
  2 bombardier beetles (D:5)
  4 jellies
  5 hounds
  8 orc priests
  8 iguanas
  Natasha (D:4)
  11 orc wizards
  A polar bear simulacrum (Lair:2)
  2 gnolls
  2 river rats (D:3)
  8 adders
  A shadow imp (D:6)
  2 white imps
  4 dart slugs
  2 ribbon worms
  34 orcs
  8 bats
  7 endoplasms
  A giant cockroach (D:1)
  9 goblins
  10 hobgoblins
  9 jackals
  4 quokkas
  7 ball pythons
  3 frilled lizards
  18 kobolds
  7 rats
  A butterfly (D:5)
370 creatures vanquished.

Table legend: (Time is in decaauts)
 A = Elapsed time spent in this place.
 B = Non-inter-level travel time spent in this place.
 C = Inter-level travel time spent in this place.
 D = Time resting spent in this place.
 E = Time spent auto-exploring this place.
 F = Levels seen in this place.
 G = Mean time per level.
                   A        B        C        D        E       F      G
               +--------+--------+--------+--------+--------+-----+--------+
         Total |  14331 |  13398 |    933 |   1961 |   8850 |  18 |  796.2 |
       Dungeon |  10308 |   9560 |    748 |   1265 |   6482 |  11 |  937.1 |
        Temple |     80 |      2 |     78 |      0 |      0 |   1 |   80.0 |
          Lair |   3545 |   3439 |    106 |    551 |   2226 |   4 |  886.2 |
         Sewer |    277 |    277 |      0 |    100 |    118 |   1 |  277.0 |
      Ice Cave |    118 |    118 |      0 |     45 |     23 |   1 |  118.0 |
               +--------+--------+--------+--------+--------+-----+--------+

Top non-repeatable levels by time:
     D:9: 1143 daAuts
     D:6: 1120 daAuts
     D:4: 1072 daAuts
    D:10: 1052 daAuts
     D:7: 1026 daAuts
  Lair:2: 1023 daAuts
     D:5: 995 daAuts
  Lair:1: 976 daAuts
  Lair:3: 931 daAuts
     D:8: 852 daAuts
     D:1: 848 daAuts
    D:11: 837 daAuts
     D:2: 713 daAuts
     D:3: 645 daAuts
  Lair:4: 613 daAuts

Table legend:
 A = Non-vault XP
 B = Vault XP
 C = Vault XP percentage of total XP
 D = Non-vault monster count
 E = Vault monster count
 F = Vault count percentage of total count
                 A         B        C        D         E       F
            +---------+---------+-------+---------+---------+-------
      Total |   36559 |   13618 |  27.1 |     307 |      62 |  16.8
            +---------+---------+-------+---------+---------+-------
        D:1 |      31 |       0 |   0.0 |      17 |       0 |   0.0
        D:2 |      45 |       0 |   0.0 |      17 |       0 |   0.0
        D:3 |      92 |      35 |  27.6 |      22 |       8 |  26.7
        D:4 |     502 |     131 |  20.7 |      29 |       4 |  12.1
        D:5 |     798 |     162 |  16.9 |      16 |       1 |   5.9
        D:6 |     362 |       0 |   0.0 |      12 |       0 |   0.0
        D:7 |    1013 |      50 |   4.7 |      22 |       1 |   4.3
        D:8 |     953 |    1513 |  61.4 |      11 |       3 |  21.4
        D:9 |    5028 |     389 |   7.2 |      43 |       1 |   2.3
       D:10 |    2832 |     772 |  21.4 |      20 |       1 |   4.8
       D:11 |    5732 |    2133 |  27.1 |      19 |      16 |  45.7
     Lair:1 |    5104 |       0 |   0.0 |      23 |       0 |   0.0
     Lair:2 |    3575 |    1554 |  30.3 |      18 |       5 |  21.7
     Lair:3 |    2091 |    5811 |  73.5 |      13 |      11 |  45.8
     Lair:4 |    8401 |       0 |   0.0 |      25 |       0 |   0.0
      Sewer |       0 |     232 | 100.0 |       0 |       7 | 100.0
      IceCv |       0 |     836 | 100.0 |       0 |       4 | 100.0
            +---------+---------+-------+---------+---------+-------
